 Dungeon Crawl Stone Soup version 0.22.1-1-ga44c0e5 (webtiles) character file.

94 brandon the Firebug (level 4, -2/36 HPs)
             Began as a Deep Elf Fire Elementalist on Oct 9, 2018.
             Hit by a goblin thrown by Robin (3 damage)
             ... on level 3 of the Dungeon.
             The game lasted 00:05:41 (2855 turns).

brandon the Firebug (Deep Elf Fire Elementalist)    Turns: 2855, Time: 00:05:43

Health: -2/36      AC: 22    Str:  5    XL:     4   Next: 38%
Magic:  8/12       EV:  2    Int: 21    God:
Gold:   156        SH:  4    Dex: 15    Spells: 1/11 levels left

rFire    . . .     SeeInvis .   d - +0 spear
rCold    . . .     Gourm    .   q - +0 buckler
rNeg     + + +     Faith    .   (armour currently unavailable)
rPois    +         Spirit   .   (helmet currently unavailable)
rElec    .         Reflect  .   (cloak currently unavailable)
rCorr    .         Harm     .   (gloves currently unavailable)
MR       .....     NoTele   +   (boots currently unavailable)
Stlth    ++........             (no amulet)
HPRegen  0.12/turn              (no ring)
MPRegen  0.13/turn              (no ring)

@: lethally poisoned (-2 -> -15), tree-form
A: no striking features
a: no special abilities


You were on level 3 of the Dungeon.
You were not hungry.
You were a tree.
You visited 1 branch of the dungeon, and saw 3 of its levels.

You collected 156 gold pieces.

Inventory:

Hand Weapons
 d - a +0 spear (weapon)
Armour
 a - a +0 robe (melded)
 h - a +0 pair of boots (melded)
 q - a +0 buckler (worn)
Jewellery
 g - an uncursed ring of protection from fire {unknown}
Scrolls
 f - 3 scrolls of enchant weapon {unknown}
 i - a scroll of noise {unknown}
 j - a scroll of random uselessness {unknown}
 k - 3 scrolls of remove curse {unknown}
 l - 3 scrolls of teleportation {unknown}
 m - a scroll of enchant armour {unknown}
 n - a scroll of identify {unknown}
 o - a scroll of blinking {unknown}
 p - a scroll of magic mapping {unknown}
Comestibles
 b - 4 chunks of flesh
 c - 5 rations


   Skills:
 - Level 0.1 Polearms
 - Level 2.4 Dodging
 - Level 2.4 Stealth
 * Level 0.5 Shields
 - Level 4.0 Spellcasting
 + Level 2.8 Conjurations
 + Level 4.2 Fire Magic


You had one spell level left.
You knew the following spells:

 Your Spells              Type           Power        Failure   Level  Hunger
a - Flame Tongue          Conj/Fire      ###..        4%          1    None
b - Throw Flame           Conj/Fire      ###...       7%          2    #......
c - Conjure Flame         Conj/Fire      ###.....     13%         3    ###....
d - Sticky Flame          Conj/Fire      ###.....     41%         4    ####...

Your spell library contained the following spells:

 Spells                   Type           Power        Failure   Level  Hunger
 Inner Flame              Hex/Fire       ##......     24%         3    ###....
 Fireball                 Conj/Fire      ###.......   77%         5    ######.


Dungeon Overview and Level Annotations

Branches:
Dungeon (3/15)

Altars:
Ashenzari
Qazlal

Annotations:
D:3 Robin


Message History

You closely miss the goblin.
* * * LOW HITPOINT WARNING * * *
You feel sick. The goblin barely misses you.
The goblin hits you but does no damage. Robin barely misses you.
Your shield prevents you from hitting the goblin.
* * * LOW HITPOINT WARNING * * *
You feel sick.
The goblin hits you but does no damage. x2
Robin throws the goblin at you! The goblin hits you but does no damage.
You cannot move.
You cannot move.
You cannot move.
You cannot move.
Unknown command.
You hit the goblin.
The goblin is moderately wounded.
* * * LOW HITPOINT WARNING * * *
You feel sick.
The goblin no longer looks unusually strong.
The goblin hits you but does no damage. Robin throws the goblin at you!
You die...

#........................
###..#.#....#............
#..#.#....#............
##...#....#....##......
#####()((#.... #......
#)####.... ####...
#.####... #... #gg..#..
#... ##♣##.# #.<. ...
#.....# #.#. #.# #.g##.#
#.#. #g# .......†# # #.#.
#g# ######...


ggg # #.... #g# .# ...###. #.# ###.#.#.# .. #)###<).....g .. You could see Robin
and 2 goblins.

Vanquished Creatures
  A gnoll (D:1)
  An adder (D:2)
  An ooze (D:1)
  2 worms (D:2)
  A dart slug (D:2)
  A leopard gecko (D:1)
  2 ball pythons (D:1)
  3 giant cockroaches (D:1)
  11 goblins
  8 hobgoblins
  6 jackals
  5 kobolds
  6 bats
  5 frilled lizards
  7 rats (D:1)
60 creatures vanquished.

Notes
Turn   | Place    | Note
-------+----------+-------------------------------------------
     0 | D:1      | brandon the Deep Elf Fire Elementalist began the quest for
                  | the Orb.
     0 | D:1      | Reached XP level 1. HP: 10/10 MP: 6/6
    15 | D:1      | Reached XP level 2. HP: 15/15 MP: 4/8
    19 | D:1      | Learned a level 2 spell: Throw Flame
   366 | D:1      | Reached XP level 3. HP: 15/19 MP: 1/9
   397 | D:1      | Learned a level 3 spell: Conjure Flame
  1193 | D:2      | Found a stormy altar of Qazlal.
  1563 | D:2      | Reached XP level 4. HP: 13/24 MP: 4/11
  1705 | D:2      | Learned a level 4 spell: Sticky Flame
  2143 | D:3      | Noticed Robin
  2588 | D:3      | Found a shattered altar of Ashenzari.
  2855 | D:3      | HP: 1/36 [poisoned by Robin]
  2855 | D:3      | Hit by a goblin thrown by Robin

Skill      XL: |  1  2  3  4 |
---------------+-------------+-----
Conjurations   | 2 |  2.8
Fire Magic     | 4 |  4.2
Spellcasting   | 4 |  4.0
Polearms       | |  0.1
Dodging        | |  2.4
Stealth        | |  2.4
Shields        | |  0.5

Action                   |  1- 3 |  4- 6 || total
-------------------------+-------+-------++-------
Melee: Spear             |    12 |    15 ||    27
 Cast: Flame Tongue      |    49 |    32 ||    81
       Throw Flame       |    19 |     8 ||    27
  Use: Potion            |       |     5 ||     5
  Eat: Chunk             |     2 |     2 ||     4
       Ration            |       |     1 ||     1
Armor: Robe              |     6 |    11 ||    17
       Skin              |       |     8 ||     8
Dodge: Dodged            |    17 |    22 ||    39
Block: Buckler           |       |     8 ||     8
